 Dungeon Sprint DCSS version 0.26-a0-812-g31a745ddcd (webtiles) character file.

Game seed: 5032710674146904445

17327 Cadaver the Gelid (level 12, 0/83 HPs)
             Began as a Human Ice Elementalist on Nov 28, 2020.
             Was the Champion of Vehumet.
             Killed by drain life
             ... invoked by a soul eater
              (18 damage)
             ... in the Dungeon (Sprint VII: "The Pits").
             The game lasted 00:35:20 (6008 turns).

Cadaver the Gelid (Human Ice Elementalist)          Turns: 6008, Time: 00:35:21

Health: 0/83       AC: 18    Str: 10    XL:     12   Next: 81%
Magic:  20/33      EV: 15    Int: 25    God:    Vehumet [******]
Gold:   60         SH:  0    Dex: 14    Spells: 24/45 levels left

rFire    . . .     SeeInvis .   o - +1 quarterstaff (protect)
rCold    . . .     Faith    .   (shield currently unavailable)
rNeg     . . .     Spirit   .   x - +0 acid dragon scales
rPois    .         Reflect  .   (no helmet)
rElec    .         Harm     .   (no cloak)
rCorr    +         Rampage  .   (no gloves)
MR       .....     NoTele   +   w - +0 pair of boots
Stlth    ++........             (no amulet)
HPRegen  0.23/turn              C - +6 ring of intelligence
MPRegen  0.23/turn              q - +3 ring of protection

@: mighty, protection aura, berserk cooldown, frozen ramparts, slowed, very slow
A: no striking features
a: Renounce Religion


You were in the Dungeon.
You worshipped Vehumet.
Vehumet was exalted by your worship.
You visited 1 branch You collected 60 gold pieces.

Inventory:

Hand Weapons
 b - a +2 quarterstaff
 o - a +1 quarterstaff of protection (weapon)
 v - a +4 quarterstaff of speed
Missiles
 n - 77 stones (quivered)
Armour
 a - a +0 robe
 w - a +0 pair of boots (worn)
 x - +0 acid dragon scales (worn)
 y - a +0 buckler
 F - a +0 troll leather armour
Jewellery
 p - a +3 ring of evasion
 q - a +3 ring of protection (right hand)
 C - a +6 ring of intelligence (left hand)
 D - an uncursed ring of fire
 E - an uncursed ring of positive energy
Scrolls
 h - 2 scrolls of blinking
 j - 5 scrolls of remove curse
 k - 6 scrolls of amnesia
 l - a scroll of summoning
 m - 2 scrolls of vulnerability
 z - 2 scrolls of fear
 A - 4 scrolls of enchant armour
 B - 3 scrolls of identify
Potions
 c - 7 potions of curing
 d - 7 potions of heal wounds
 e - 5 potions of haste
 f - 5 potions of magic
 g - a potion of berserk rage
 i - 2 potions of invisibility
 r - 4 potions of brilliance
 s - 3 potions of mutation
 u - a potion of resistance


   Skills:
 + Level 4.2 Fighting
 + Level 8.3 Staves
 - Level 1.1 Throwing
 + Level 6.0 Armour
 + Level 7.4 Dodging
 - Level 2.4 Stealth
 + Level 17.1 Spellcasting
 + Level 2.5 Conjurations
 + Level 7.4 Summonings
 + Level 18.7 Ice Magic


You had 24 spell levels left.
You knew the following spells:

 Your Spells              Type           Power        Failure   Level
a - Freeze                Ice            ####         0%          1
b - Frozen Ramparts       Ice            ######       0%          3
c - Ozocubu's Armour      Ice            #######.     0%          3
d - Summon Ice Beast      Ice/Summ       ######..     1%          4
e - Hailstorm             Conj/Ice       ######..     1%          4
f - Ozocubu's Refrigerat  Ice            #######...   1%          6

Your spell library contained the following spells:

 Spells                   Type           Power        Failure   Level
 Lee's Rapid Deconstruct  Erth           ###.......   24%         5


Dungeon Overview and Level Annotations

Branches:
Dungeon (1/1)

Altars:
Ashenzari
Cheibriados
Dithmenos
Elyvilon
Fedhas
Gozag
Hepliaklqana
Kikubaaqudgha
Makhleb
Nemelex Xobeh
Okawaru
Qazlal
Ru
Sif Muna
Trog
Uskayaw
Vehumet
Wu Jian
Xom
Yredelemnul
Zin
The Shining One
Beogh
Jiyva
Lugonu


Message History

The soul eater draws from the surrounding life force!
* * * LOW HITPOINT WARNING * * *
Your ice beasts are drained of life.
The soul eater is healed.
Your ice beast hits the soul eater but does no damage.
You hit the soul eater but do no damage.
The soul eater is heavily wounded.
Your ice beast barely misses the soul eater.
Your ice beast closely misses the soul eater.
Your ice beast hits the soul eater but does no damage.
The soul eater hits you.
* * * LOW HITPOINT WARNING * * *
Your ice beast hits the soul eater.
Your ice beast freezes the soul eater!
The soul eater resists.
Your ice beast hits the soul eater.
Your ice beast freezes the soul eater!
The soul eater resists.
Casting: Summon Ice Beast (safe; 1% risk of failure)
Confirm with . or Enter, or press ? or * to list all spells.
The walls around you are covered in ice.
The soul eater resists.
The wall freezes the soul eater.
The soul eater draws from the surrounding life force!
You die...

#.$#'###########
#############.......3.......
#_________.##...............
#_________.###########''####
#_______...###########''####
##########'##...............
#....')))'.##......#..#.....
##########.##Y..............
#.))....).)@3Y..............
#'#####'#####Y.....#..#.....
#.#.....#..##......)........
#.#.....#))#####)#####''####
#.###'###))##.......##''# #
#.#.....#.)##.......##.)# ##
#.#.....#[[##.......##).###.
#.####'##'###...<...##..##..
#.#........##.......##..##.#


You could see a soul eater and 3 friendly ice beasts.

Vanquished Creatures
  An anaconda (D)
  2 two-headed ogres (D)
  4 hell hogs (D)
  A sixfirhy (D)
  A cherub (D)
  A sea snake (D)
  A deep troll (D)
  A flayed ghost (D)
  2 deep elf magi (D)
  A rust devil (D)
  A guardian serpent (D)
  A naga mage (D)
  A cane toad (D)
  A demonic crawler (D)
  A kobold demonologist (D)
  An efreet (D)
  2 rime drakes (D)
  An ice devil (D)
  A guardian mummy (D)
  A red devil (D)
  A hellwing (D)
  2 jumping spiders (D)
  2 blink frogs (D)
  A hornet (D)
  A snapping turtle (D)
  5 redbacks (D)
  A tarantella (D)
  A basilisk (D)
  A steam dragon (D)
  A soldier ant (D)
  An acid dragon (D)
  A warg (D)
  2 floating eyes (D)
  A sky beast (D)
  An ice beast (D)
  A black bear (D)
  A phantom (D)
  2 ogres (D)
  A centaur (D)
  A gnoll sergeant (D)
  5 killer bees (D)
  A crimson imp (D)
  A quasit (D)
  A hound (D)
  A worker ant (D)
  4 gnolls (D)
  An adder (D)
  A river rat (D)
  A white imp (D)
  A leopard gecko (D)
  A giant cockroach (D)
  2 goblins (D)
  2 hobgoblins (D)
  4 jackals (D)
  2 quokkas (D)
  A ball python zombie (D)
  2 frilled lizards (D)
  2 rats (D)
87 creatures vanquished.

Vanquished Creatures (collateral kills)
  A two-headed ogre (D)
  A phantasmal warrior (D)
  A lindwurm (D)
  A salamander (D)
  3 blink frogs (D)
  A redback (D)
  A naga (D)
  An acid dragon (D)
  A soldier ant (D)
  An eye of draining (D)
  An earth elemental (D)
  A killer bee (D)
  A frilled lizard (D)
15 creatures vanquished.

Grand Total: 102 creatures vanquished

Notes
Turn   | Place    | Note
-------+----------+-------------------------------------------
     0 | D        | Cadaver the Human Ice Elementalist began the quest for the
                  | Orb.
     0 | D        | Reached XP level 1. HP: 13/13 MP: 3/3
    47 | D        | Found a glowing golden altar of the Shining One.
    47 | D        | Found a glowing silver altar of Zin.
    47 | D        | Found a basalt altar of Yredelemnul.
    47 | D        | Found a shimmering altar of Xom.
    47 | D        | Found an ornate altar of the Wu Jian Council.
    47 | D        | Found a bloodstained altar of Trog.
    47 | D        | Found a shimmering blue altar of Sif Muna.
    47 | D        | Found a sacrificial altar of Ru.
    47 | D        | Found a stormy altar of Qazlal.
    47 | D        | Found an iron altar of Okawaru.
    47 | D        | Found a sparkling altar of Nemelex Xobeh.
    47 | D        | Found a burning altar of Makhleb.
    47 | D        | Found a viscous altar of Jiyva.
    47 | D        | Found a hazy altar of Hepliaklqana.
    47 | D        | Found an opulent altar of Gozag.
    47 | D        | Found a blossoming altar of Fedhas.
    47 | D        | Found a white marble altar of Elyvilon.
    47 | D        | Found a shadowy altar of Dithmenos.
    47 | D        | Found a snail-covered altar of Cheibriados.
    48 | D        | Found a radiant altar of Vehumet.
    48 | D        | Found a corrupted altar of Lugonu.
    48 | D        | Found a roughly hewn altar of Beogh.
    49 | D        | Found a hide-covered altar of Uskayaw.
    49 | D        | Found an ancient bone altar of Kikubaaqudgha.
    49 | D        | Found a broken altar of Ashenzari.
    74 | D        | Noticed a worker ant
    85 | D        | Killed a worker ant
    85 | D        | Reached skill level 6 in Ice Magic
    85 | D        | Reached XP level 2. HP: 2/19 MP: 3/5
    85 | D        | Reached XP level 3. HP: 2/24 MP: 3/6
   359 | D        | Learned a level 3 spell: Frozen Ramparts
   363 | D        | Learned a level 3 spell: Ozocubu's Armour
   496 | D        | Noticed a floating eye
   540 | D        | Killed a floating eye
   540 | D        | Reached skill level 1 in Staves
   540 | D        | Reached skill level 5 in Spellcasting
   540 | D        | Reached skill level 8 in Ice Magic
   540 | D        | Reached XP level 4. HP: 31/31 MP: 4/11
   540 | D        | Reached XP level 5. HP: 36/36 MP: 4/12
   546 | D        | Learned a level 4 spell: Summon Ice Beast
   661 | D        | Noticed a phantom
   663 | D        | Noticed a floating eye
   712 | D        | Killed a phantom
   712 | D        | Reached skill level 9 in Ice Magic
   712 | D        | Reached XP level 6. HP: 29/42 MP: 11/15
   808 | D        | Noticed a black bear
   833 | D        | Paralysed by a floating eye for 2 turns
   835 | D        | Killed a floating eye
   835 | D        | Reached skill level 1 in Fighting
   835 | D        | Reached skill level 10 in Ice Magic
   840 | D        | Killed a black bear
   840 | D        | Reached skill level 1 in Throwing
   840 | D        | Reached XP level 7. HP: 48/48 MP: 13/18
   965 | D        | Noticed a rime drake
   974 | D        | Killed a rime drake
   974 | D        | Reached skill level 11 in Ice Magic
  1075 | D        | Reached XP level 8. HP: 54/54 MP: 14/21
  1078 | D        | Reached skill level 5 in Staves
  1080 | D        | Reached skill level 12 in Ice Magic
  1151 | D        | Noticed a two-headed ogre
  1163 | D        | Killed a two-headed ogre
  1163 | D        | Reached skill level 13 in Ice Magic
  1163 | D        | Reached XP level 9. HP: 10/61 MP: 14/24
  1542 | D        | Noticed a deep elf mage
  1543 | D        | Noticed an ice devil
  1627 | D        | Killed a deep elf mage
  1719 | D        | Killed an ice devil
  1993 | D        | Noticed an efreet
  1993 | D        | Noticed a two-headed ogre
  1993 | D        | Noticed a deep elf mage
  2027 | D        | Killed a two-headed ogre
  2027 | D        | Reached skill level 14 in Ice Magic
  2027 | D        | Reached XP level 10. HP: 31/67 MP: 18/26
  2038 | D        | Killed a deep elf mage
  2044 | D        | Learned a level 4 spell: Hailstorm
  2064 | D        | Became a worshipper of Vehumet
  2253 | D        | Noticed a sea snake
  2261 | D        | Killed a sea snake
  2261 | D        | Reached * piety under Vehumet
  2261 | D        | Offered knowledge of Shock by Vehumet.
  2368 | D        | Reached ** piety under Vehumet
  2368 | D        | Reached skill level 15 in Ice Magic
  2436 | D        | Offered knowledge of Magic Dart by Vehumet.
  2447 | D        | Noticed a salamander
  2463 | D        | Killed a salamander
  2463 | D        | Reached *** piety under Vehumet
  2463 | D        | Reached skill level 5 in Dodging
  2557 | D        | Killed an efreet
  2721 | D        | Offered knowledge of Conjure Flame by Vehumet.
  2762 | D        | Noticed a naga mage
  2781 | D        | Killed a naga mage
  2781 | D        | Reached **** piety under Vehumet
  2819 | D        | Reached skill level 1 in Conjurations
  2908 | D        | Noticed a demonic crawler
  2908 | D        | Noticed a rime drake
  2926 | D        | Offered knowledge of Fulminant Prism by Vehumet.
  2933 | D        | Killed a rime drake
  2945 | D        | Killed a demonic crawler
  2945 | D        | Reached XP level 11. HP: 19/74 MP: 14/29
  2946 | D        | Reached ***** piety under Vehumet
  3177 | D        | Offered knowledge of Olgreb's Toxic Radiance by Vehumet.
  3359 | D        | Noticed a lindwurm
  3374 | D        | Offered knowledge of Conjure Ball Lightning by Vehumet.
  3374 | D        | Reached skill level 16 in Ice Magic
  3374 | D        | Killed a lindwurm
  3374 | D        | Reached skill level 5 in Summonings
  3732 | D        | Noticed a phantasmal warrior
  3748 | D        | Killed a phantasmal warrior
  3748 | D        | Noticed a cherub
  3788 | D        | Killed a cherub
  3788 | D        | Reached skill level 15 in Spellcasting
  4063 | D        | Noticed a two-headed ogre
  4103 | D        | Killed a two-headed ogre
  4103 | D        | Offered knowledge of Starburst by Vehumet.
  4300 | D        | Paralysed by a hornet for 2 turns
  4311 | D        | Reached ****** piety under Vehumet
  4313 | D        | Reached skill level 17 in Ice Magic
  4379 | D        | Offered knowledge of Ozocubu's Refrigeration by Vehumet.
  4387 | D        | Learned a level 6 spell: Ozocubu's Refrigeration
  4807 | D        | Reached XP level 12. HP: 83/83 MP: 24/31
  4850 | D        | Noticed a deep troll
  4852 | D        | Offered knowledge of Orb of Destruction by Vehumet.
  4869 | D        | Killed a deep troll
  4869 | D        | Reached skill level 1 in Armour
  4902 | D        | Noticed a hell hog
  5060 | D        | Noticed a flayed ghost
  5062 | D        | Noticed a sixfirhy
  5064 | D        | Killed a flayed ghost
  5064 | D        | Killed a sixfirhy
  5064 | D        | Killed a hell hog
  5064 | D        | Offered knowledge of Irradiate by Vehumet.
  5064 | D        | Reached skill level 18 in Ice Magic
  5068 | D        | Noticed a hell hog
  5069 | D        | Noticed a hell hog
  5215 | D        | Noticed an anaconda
  5224 | D        | Killed an anaconda
  5226 | D        | Killed a hell hog
  5226 | D        | Reached skill level 5 in Armour
  5336 | D        | Noticed a hell hog
  5340 | D        | Killed a hell hog
  5340 | D        | Killed a hell hog
  5883 | D        | Offered knowledge of Lee's Rapid Deconstruction by Vehumet.
  5965 | D        | Noticed a soul eater
  6008 | D        | Killed from afar by a soul eater

Illustrated notes

Levels and vault maps discovered:
D:        pitsprint [storerooms_1, entrance_room_1, metal_vault_3, armoury_3,
          mini_pit_1, grid_room_1, main_hall_1, silver_pit, the_coven_3,
          the_vestibule_1, steel_vault_1, golden_pit, hallway_of_sentries,
          crystal_vault_2, iron_vault_1, final_vault]

Skill      XL: |  1  2  3  4  5  6  7  8  9 10 11 12 |
---------------+-------------------------------------+-----
Ice Magic      | 6 8 9 10 11 13 14 15 17 18 | 18.7
Spellcasting   | 5 6 7 9 11 12 14 15 17 | 17.1
Staves         | 1 3 4 5 6 7 8 |  8.3
Dodging        | 3 4 5 7 |  7.4
Fighting       | 1 2 3 4 |  4.2
Throwing       | 1 |  1.1
Summonings     | 3 4 6 7 |  7.4
Conjurations   | 1 2 |  2.5
Armour         | 6 |  6.0
Stealth        | |  2.4

Action                   |  1- 3 |  4- 6 |  7- 9 | 10-12 || total
-------------------------+-------+-------+-------+-------++-------
Melee: Quarterstaff      |     9 |    14 |    15 |    87 ||   125
Throw: Stone             |       |     3 |     1 |       ||     4
 Cast: Freeze            |    12 |     7 |    20 |    35 ||    74
       Frozen Ramparts   |     1 |     2 |    11 |    38 ||    52
       Ozocubu's Armour  |     1 |       |     3 |       ||     4
       Summon Ice Beast  |       |       |     3 |    41 ||    44
       Hailstorm         |       |       |       |    15 ||    15
       Ozocubu's Refrige |       |       |       |    15 ||    15
  Use: Potion            |     1 |       |     1 |     8 ||    10
 Stab: Sleeping          |       |       |       |     1 ||     1
       Distracted        |       |       |       |     2 ||     2
Armor: Robe              |       |     5 |     7 |    14 ||    26
       Acid dragon scale |       |       |       |    11 ||    11
Dodge: Dodged            |     7 |     8 |    28 |   129 ||   172

Table legend: (Time is in decaauts)
 A = Elapsed time spent in this place.
 B = Non-inter-level travel time spent in this place.
 C = Inter-level travel time spent in this place.
 D = Time resting spent in this place.
 E = Time spent auto-exploring this place.
 F = Levels seen in this place.
 G = Mean time per level.
                   A        B        C        D        E       F      G
               +--------+--------+--------+--------+--------+-----+--------+
         Total |   6024 |   5976 |     48 |   3942 |      0 |   1 | 6024.0 |
       Dungeon |   6024 |   5976 |     48 |   3942 |      0 |   1 | 6024.0 |
               +--------+--------+--------+--------+--------+-----+--------+

Top non-repeatable levels by time:
       D: 6024 daAuts
